 Dungeon Crawl Stone Soup version 0.26-a0-611-g354ed81502 (webtiles) character file.

Game seed: 13912592848039644619

920297 Zingih the Heavyweight Champion (level 27, -10/311 (316) HPs)
             Began as a Troll Fighter on Sept 5, 2020.
             Was a High Priest of Trog.
             Succumbed to poison (dark miasma)
             ... in the Vestibule of Hell on Sept 6, 2020.
             The game lasted 04:12:03 (72164 turns).

Zingih the Heavyweight Champion (Troll Fighter)    Turns: 72164, Time: 04:12:04

HP:   -10/311 (316) AC: 32    Str: 32      XL:     27
MP:   26/31         EV: 11    Int:  5 (6)  God:    Trog [*****.]
Gold: 8147          SH: 24    Dex: 17 (18) Spells: 26/26 levels left

rFire    + + +     SeeInvis .     - Unarmed
rCold    + + +     Faith    .   V - +1 kite shield of Tiash {rF+ Int+2 Dex+2}
rNeg     + + +     Spirit   .   s - +9 scales of the Dragon King {rPois rF+ rC+ MR+}
rPois    +         Reflect  +   q - +2 hood of the Assassin {Detection Stab+ Stlth++}
rElec    .         Harm     .   S - scarf {rC+ rF+}
rCorr    .                      (gloves unavailable)
MR       ++++.                  (boots unavailable)
Stlth    ..........             L - amulet "Weteeqa" {Reflect rC+ rN+ MR+ SH+5}
HPRegen  1.01/turn              j - ring "Kudghiyho" {rPois rN+ MP+9}
MPRegen  0.22/turn              T - ring of positive energy

@: lethally poisoned (-10 -> -61), slowed, studying Armour, very slow
A: large, unfitting armour, claws 3, thin skeletal structure 1, clumsy 1,
deformed body, deterioration 2, sense surroundings 1, regeneration 1, robust 1,
shaggy fur 1, tough skin 3, weak 1, MP-powered wands
}: 8/15 runes: barnacled, slimy, silver, iron, obsidian, icy, abyssal, gossamer
a: Berserk, Trog's Hand, Brothers in Arms, Renounce Religion


You were in the Vestibule of Hell.
You worshipped Trog.
Trog was extremely pleased with you.
You visited 14 branches of the dungeon, and saw 72 of its levels.
You visited the Abyss 2 times.
You also visited: Bailey, Ice Cave and Wizlab.

You collected 16034 gold pieces.
You spent 7887 gold pieces at shops.

Inventory:

Hand Weapons
 O - the +7 sceptre of Torment {pain, torment}
   (You found it on level 7 of the Iron City of Dis)

   In the hands of one skilled in necromantic magic, it inflicts extra damage on
   living creatures.
   Trog disapproves of the use of such an item.
Missiles
 N - 39 large rocks (quivered)
Armour
 k - a scarf of repulsion
 p - the +1 cloak of Xom's Anger {Rampage rF+}
   (You found it on level 7 of Cocytus)

   It protects you from fire.
   It bestows one free step when moving towards enemies.
 q - the +2 hood of the Assassin (worn) {Detection Stab+ Stlth++}
   (You found it on level 3 of the Elven Halls)

   It makes you much more stealthy.
 s - the +9 scales of the Dragon King (worn) {rPois rF+ rC+ MR+}
   (You bought it in a shop on level 2 of the Orcish Mines)

   It protects you from fire.
   It protects you from cold.
   It protects you from poison.
   It affects your resistance to hostile enchantments.
 S - a scarf of resistance (worn)
 V - the +1 kite shield of Tiash (worn) {rF+ Int+2 Dex+2}
   (You took it off Asterion on level 2 of the Elven Halls)

   It affects your intelligence (+2).
   It affects your dexterity (+2).
   It protects you from fire.
Jewellery
 j - the ring "Kudghiyho" (left claw) {rPois rN+ MP+9}
   (You found it on level 5 of the Pits of Slime)

   [ring of magical power]

   It protects you from poison.
   It protects you from negative energy.
   It affects your magic capacity (+9).
 l - the ring of Iddakk {+Inv rElec Str+6 Int-2 Slay+3}
   (You found it on level 7 of the Iron City of Dis)

   [ring of strength]

   It affects your strength (+6).
   It affects your intelligence (-2).
   It affects your accuracy and damage with ranged weapons and melee attacks
   (+3).
   It insulates you from electricity.
   It lets you turn invisible.
 C - an uncursed ring of resist corrosion
 E - the cursed ring of Neurosis {rElec rPois rC+ AC-4 Str-2 Dex+4}
   (You took it off a vault guard on level 5 of the Vaults)

   [ring of protection]

   It affects your AC (-4).
   It affects your strength (-2).
   It affects your dexterity (+4).
   It protects you from cold.
   It insulates you from electricity.
   It protects you from poison.
   It has a curse placed upon it.
 L - the amulet "Weteeqa" (around neck) {Reflect rC+ rN+ MR+ SH+5}
   (You took it off a deep elf mage on level 3 of the Elven Halls)

   [amulet of reflection]

   It shields you and reflects attacks.
   It protects you from cold.
   It protects you from negative energy.
   It affects your resistance to hostile enchantments.
   It affects your SH (+5).
 M - the ring "Loomyam" {MR+ Str+6 Int+7 Dex-2 Slay+2}
   (You found it on level 5 of the Pits of Slime)

   [ring of strength]

   It affects your strength (+6).
   It affects your intelligence (+7).
   It affects your dexterity (-2).
   It affects your accuracy and damage with ranged weapons and melee attacks
   (+2).
   It affects your resistance to hostile enchantments.
 T - a ring of positive energy (right claw)
Wands
 b - a wand of paralysis (6)
 i - a wand of flame (126)
 t - a wand of digging (4)
 z - a wand of enslavement (14)
 I - a wand of disintegration (49)
 R - a wand of acid (11)
 W - a wand of polymorph (26)
 Z - a wand of iceblast (32)
Scrolls
 d - 15 scrolls of identify
 g - 9 scrolls of fear
 h - 25 scrolls of remove curse
 m - 26 scrolls of teleportation
 u - 6 scrolls of magic mapping
 v - 2 scrolls of silence
 w - 2 scrolls of holy word
 x - 15 scrolls of enchant weapon
 G - 6 scrolls of summoning
 K - 13 scrolls of fog
 Y - 13 scrolls of enchant armour
Potions
 a - 4 potions of resistance
 c - 8 potions of might
 e - 8 potions of curing
 f - 4 potions of invisibility
 n - 10 potions of flight
 A - 3 potions of cancellation
 B - 10 potions of ambrosia
 D - 2 potions of magic
 J - 6 potions of haste
Books
 r - a manual of Armour
Miscellaneous
 o - a lightning rod (4/4)
 y - a phial of floods
 F - the horn of Geryon
 H - a condenser vane (1/2)
 P - a tin of tremorstones (1/3)
 Q - a box of beasts (3/3)
 X - a phantom mirror


   Skills:
 * Level 19.5 Fighting
 + Level 5.8 Throwing
 * Level 20.5 Armour
 + Level 9.7 Dodging
 - Level 0.1 Stealth
 + Level 22.5 Shields
 O Level 27 Unarmed Combat
 * Level 18.7 Evocations


You had 26 spell levels left.
You didn't know any spells.
Your spell library was empty.

Dungeon Overview and Level Annotations

Branches:
Dungeon (15/15)            Temple (0/1) D:6            Lair (6/6) D:11
 Shoals (4/4) Lair:2       Spider (4/4) Lair:2        Slime (5/5) Lair:5
    Orc (2/2) D:9             Elf (3/3) Orc:2        Vaults (5/5) D:13
  Crypt (0/3) Vaults:2     Depths (5/5) D:15           Hell (1/1)
    Dis (7/7) Hell            Geh (7/7) Hell            Coc (7/7) Hell
    Tar (1/7) Hell            Zot (0/5) Depths:5     Bailey (visited)
  IceCv (visited)          WizLab (visited)

Altars:
Ashenzari
Cheibriados
Dithmenos
Fedhas
Gozag
Qazlal
Sif Muna
Trog
Wu Jian
Yredelemnul
Zin
Lugonu

Shops:
D:11 ?   D:14 (   D:15 (   Orc:2 [[*:?   Elf:1 [!:   Elf:2 }=}   Shoals:1 *
Shoals:3 (   Vaults:2 (   Vaults:3 *   Vaults:4 =   Depths:1 *   Depths:4 [

Portals:
Hell: Depths:1 Depths:2 Depths:3 Depths:4 Depths:5
Abyss: D:9 Depths:2 Depths:3 Depths:4 Depths:5
Pandemonium: Orc:2 Depths:3
Ziggurat: Depths:3

Annotations:
D:9 2 transporters
Coc:7 exclusion: ice statue


Innate Abilities, Weirdness & Mutations

You are too large for most types of armour.
You have claws for hands.
Your natural rate of healing is unusually fast.
You are covered in fur. (AC +1)
You have extremely tough skin. (AC +3)
You have a somewhat thin skeletal structure. (Dex +2, Stealth)
You are clumsy. (Dex -2)
Armour fits poorly on your strangely shaped body.
Your body often deteriorates upon taking damage.
You passively map a small area around you.
You are robust. (+10% HP)
You are weak. (Str -2)
You expend magic power (3 MP) to strengthen your wands.


Message History

The bone dragon claws you but does no damage.
The bone dragon tramples you but does no damage.
The skeletal warrior misses you. The tormentor closely misses you.
The tormentor hits you but does no damage.
The skeletal warrior hits you but does no damage.
The necrophage hits you but does no damage.
The doom hound is engulfed in poison gas.
The doom hound looks as sick as possible!
The doom hound closely misses you. You block the doom hound's attack.
The shadow demon barely misses you. The doom hound bites you!!
* * * LOW HITPOINT WARNING * * *
The doom hound claws you but does no damage.
The bone dragon bites you.
* * * LOW HITPOINT WARNING * * *
The bone dragon claws you!
* * * LOW HITPOINT WARNING * * *
The bone dragon tramples you but does no damage.
You go up through the gate.
Welcome back to the Vestibule of Hell!
The infernal howling subsides.
You die...

.............##)''##.............
............##))...##............
...........##))#[#..##...........
..........##..)###...##..........
.........##.....#.....##.........
.........#..##.....##..#.........
........^####.......####.........
........##......2D.....##........
........#.....^h@n......
....##..##.....h.......# ,
....##...###....2....###
.....,.....########### , , ,
########### * *


You could see a bone dragon, 2 doom hounds, a shadow demon, a tormentor and a
necrophage.

Vanquished Creatures
  Antaeus (Coc:7)
  Asmodeus (Geh:7)
  the Serpent of Hell (Geh:7)
  Dispater (Dis:7)
  2 ancient liches
  Mara (Vaults:5)
  2 juggernauts
  24 shard shrikes
  Boris (twice) (Vaults:5 Depths:5)
  Margery (Depths:5)
  Bai Suzhen (Depths:3)
  A caustic shrike (Depths:2)
  Geryon (Hell)
  the Enchantress (Depths:3)
  3 golden dragons
  Jorgrun (Spider:3)
  9 iron giants
  12 liches
  14 bone dragons
  7 tentacled monstrosities
  11 Brimstone Fiends
  9 Hell Sentinels
  3 deep elf blademasters
  26 Ice Fiends
  2 deep elf master archers (Elf:3)
  A quicksilver dragon (Dis:7)
  6 titans
  17 acid blobs
  2 Executioners (Abyss:4)
  Murray (Hell)
  15 tentacled starspawn
  2 storm dragons
  3 sphinxes
  13 ancient champions
  Kirke (Lair:4)
  Roxanne (D:14)
  9 tengu reavers
  6 azure jellies
  3 shadow dragons
  A draconian monk (Depths:5)
  A daeva (Abyss:1)
  16 fire giants
  5 deep elf sorcerers
  10 iron dragons
  Aizul (Shoals:2)
  5 ghost moths
  13 vault wardens
  A ghost moth (shapeshifter) (Depths:4)
  A draconian shifter (Abyss:3)
  16 frost giants
  6 emperor scorpions (Spider:4)
  10 deep elf elementalists
  13 balrugs
  11 ironheart preservers
  5 cacodemons
  6 spriggan defenders
  A draconian annihilator (Depths:5)
  52 reapers
  An angel (Depths:3)
  2 elemental wellsprings (Coc:7)
  28 very ugly things
  3 entropy weavers
  21 stone giants
  A vampire knight (Depths:1)
  12 war gargoyles
  Nessos (Lair:4)
  A green draconian (Depths:5)
  14 deep elf demonologists
  A black draconian (Depths:5)
  13 deep elf annihilators
  Azrael (Spider:3)
  7 spark wasps
  A white draconian (Depths:5)
  A lorocyproca (Hell)
  2 yellow draconians
  9 deep elf death magi
  A merfolk javelineer (Shoals:4)
  18 ettins
  A crystal guardian (Abyss:4)
  19 blizzard demons
  An eidolon (Abyss:1)
  8 death oozes
  Josephine (Lair:4)
  2 green deaths
  12 yaktaur captains
  2 quicksilver dragon zombies
  6 deep elf high priests
  5 ogre magi
  17 merfolk impalers
  20 great orbs of eyes
  4 kraken zombies
  10 fire dragons
  A quicksilver dragon skeleton (Coc:7)
  8 rakshasas
  27 vault guards
  5 hydras
  A hydra (shapeshifter) (Depths:3)
  3 merfolk aquamancers (Shoals:4)
  5 merfolk avatars
  7 spriggan air magi
  27 ice dragons
  Erica (D:8)
  4 death knights
  14 two-headed ogres
  10 centaur warriors
  20 dancing weapons
  A two-headed ogre (shapeshifter) (D:15)
  8 death yaks
  36 hell hogs
  28 thrashing horrors
  A vampire mage (Depths:2)
  3 satyrs
  14 deep troll shamans
  11 deep troll earth magi
  5 tengu warriors
  6 titan zombies
  7 orc high priests
  Urug (Lair:4)
  A spriggan berserker (Depths:3)
  4 storm dragon zombies
  41 hell knights
  Nergalle (Lair:2)
  An iron golem (Geh:2)
  18 sun demons
  5 spriggans
  A salamander mystic (Depths:4)
  3 soul eaters
  16 deep elf knights
  7 shadow wraiths
  56 small abominations
  3 titan skeletons
  19 wretched stars
  2 spatial maelstroms
  28 deep trolls
  8 glowing orange brains
  5 sixfirhies
  126 skeletal warriors
  12 anaconda zombies
  3 shadow demons
  4 sea snakes
  A death drake (shapeshifter) (Vaults:5)
  4 storm dragon skeletons
  4 wizards
  2 ghost moth zombies
  2 iron trolls (Depths:4)
  2 torturous demonspawn (Orc:2)
  A death drake (Tar:1)
  4 unseen horrors
  A gelid demonspawn (Orc:2)
  2 shadow dragon zombies
  10 deep elf archers
  A lindwurm (shapeshifter) (Depths:2)
  6 harpies
  2 golden dragon skeletons
  73 starcursed masses
  11 flayed ghosts
  17 necromancers
  3 golden dragon zombies
  4 kraken simulacra
  16 ironbrand convokers
  5 anaconda skeletons
  13 orc knights
  9 wolf spider zombies
  3 phantasmal warriors
  4 fire giant zombies
  7 shining eyes
  2 human zombies
  21 orb spiders
  8 stone giant zombies
  50 deep elf magi
  A mana viper (Abyss:2)
  12 manticores
  A mana viper (shapeshifter) (Abyss:2)
  12 fauns
  7 worldbinders
  An iron dragon zombie (Dis:5)
  7 orc sorcerers
  24 ugly things
  27 wolf spiders
  12 cyclopes
  A manticore (shapeshifter) (Depths:4)
  Maurice (D:12)
  10 merfolk sirens
  A moth of wrath (Spider:3)
  A black mamba (Lair:1)
  7 elephants
  2 shadow dragon skeletons
  5 water nymphs
  4 salamanders (Depths:4)
  4 frost giant skeletons
  7 fire giant skeletons
  4 frost giant zombies
  An iron dragon skeleton (Coc:3)
  7 vault sentinels
  8 stone giant skeletons
  4 titan simulacra (Coc:7)
  3 apocalypse crabs
  An eye of devastation (Abyss:2)
  An elephant (shapeshifter) (Vaults:5)
  A torpor snail (Spider:4)
  4 dire elephant zombies
  A gargoyle (D:15)
  4 orange demons
  2 dire elephant skeletons
  9 molten gargoyles (Geh:7)
  7 storm dragon simulacra (Coc:7)
  A cane toad (shapeshifter) (Abyss:3)
  27 smoke demons
  3 ice statues
  A catoblepas zombie (Dis:2)
  6 centaur skeletons
  46 rust devils
  A shock serpent skeleton (Coc:3)
  7 rime drakes
  A green draconian zombie (Geh:7)
  12 cane toads
  25 hellions
  12 komodo dragons
  A kobold demonologist (D:12)
  33 freezing wraiths
  A rime drake (shapeshifter) (Vaults:2)
  8 efreet
  58 yaktaurs
  5 anaconda simulacra (Coc:7)
  2 yaktaur skeletons (Vaults:3)
  33 ice devils
  4 emperor scorpion zombies
  4 hellwings
  A jumping spider (shapeshifter) (Vaults:5)
  3 harpy zombies
  8 hydra zombies
  2 minotaur skeletons
  33 tormentors
  6 demonic crawlers
  10 tengu conjurers
  18 ancient zymes
  11 trolls
  28 red devils
  44 jumping spiders
  A merfolk (shapeshifter) (Vaults:5)
  Grinder (D:5)
  38 merfolk
  Prince Ribbit (D:5)
  11 hornets
  3 polar bears (Lair:1)
  A polar bear (shapeshifter) (Vaults:5)
  7 hydra skeletons
  A spriggan zombie (Depths:1)
  6 hippogriffs
  39 raiju
  5 wind drakes
  7 ettin zombies
  64 large abominations
  A hippogriff (shapeshifter) (Depths:2)
  A snapping turtle (shapeshifter) (Vaults:5)
  5 alligator zombies
  2 frost giant simulacra
  97 slime creatures
  The ghost of Sar the Vexing, an amateur FoEn of Yredelemnul (D:4)
  16 blink frogs
  4 fire dragon zombies
  3 harpy skeletons
  2 ice dragon zombies
  3 bog bodies (Coc:7)
  4 dream sheep (Shoals:2)
  6 snapping turtles
  28 wraiths
  Sigmund (D:6)
  2 black mamba zombies
  3 stone giant simulacra
  7 vampires
  59 flying skulls
  26 water elementals
  2 alligator skeletons
  4 ice dragon skeletons
  14 ynoxinuls
  53 yaks
  7 air elementals
  30 tarantellas
  3 ettin skeletons
  A redback (shapeshifter) (Vaults:2)
  2 fire dragon skeletons
  18 shadows
  82 redbacks
  5 wyverns
  A yak (shapeshifter) (Abyss:4)
  Grum (D:8)
  26 fire elementals
  2 hogs (Lair:4)
  A basilisk (shapeshifter) (Vaults:3)
  3 basilisks
  A black mamba skeleton (Coc:7)
  7 golden eyes
  A steam dragon (D:9)
  16 humans (D:13)
  13 chaos spawn
  12 neqoxecs
  10 vampire mosquitoes
  A spatial vortex (Abyss:1)
  7 two-headed ogre zombies (WizLab)
  2 wargs (D:9)
  A soldier ant (shapeshifter) (Depths:4)
  12 water moccasins
  7 cane toad zombies
  2 acid dragons
  An acid dragon (shapeshifter) (Abyss:3)
  A floating eye (Depths:4)
  8 porcupines
  8 hydra simulacra
  A merfolk skeleton (Geh:7)
  78 hell hounds
  40 orc warriors
  4 sky beasts
  6 cane toad skeletons
  25 ice beasts
  4 manticore zombies
  7 eyes of draining
  2 ice beasts (shapeshifter)
  4 black bears
  13 ogres
  3 snapping turtle zombies
  A boggart (shapeshifter) (Abyss:3)
  2 phantoms
  15 wolves
  6 necrophages
  20 centaurs
  A snapping turtle skeleton (Coc:7)
  17 crocodiles
  A big kobold (D:13)
  Blork the orc (D:5)
  15 bullfrogs
  A deep troll simulacrum (Vaults:3)
  4 elf zombies
  A gnoll sergeant (D:9)
  10 earth elementals
  A cane toad simulacrum (Coc:7)
  A wyvern skeleton (D:10)
  4 killer bees (D:9)
  A scorpion (shapeshifter) (Vaults:5)
  3 scorpions
  7 troll zombies
  66 wights
  2 snapping turtle simulacra
  2 electric eels
  A howler monkey (D:7)
  4 centaur zombies
  4 crimson imps
  11 jellies
  4 quasits
  A bullfrog zombie (D:5)
  24 orc wizards
  19 orc priests
  14 hounds
  21 iron imps
  3 bullfrog skeletons
  4 iguanas
  12 worker ants
  A killer bee zombie (D:10)
  6 ogre zombies
  2 tengu zombies
  A naga skeleton (Geh:7)
  A tengu skeleton (Abyss:4)
  2 hound skeletons (D:10)
  9 mummies
  Robin (D:3)
  6 gnolls
  2 howler monkey skeletons
  15 adders
  3 shadow imps
  36 white imps
  11 ufetubi
  5 oozes
  An adder zombie (D:5)
  An adder skeleton (D:3)
  3 worms
  2 dart slugs
  7 leopard geckos
  109 orcs
  2 ball pythons
  A giant cockroach (D:7)
  2 gnoll zombies (D:2)
  9 hobgoblins
  9 jackals
  4 quokkas
  2 bats
  A frilled lizard (D:5)
  18 goblins
  10 kobolds
  A kobold skeleton (Geh:7)
  A kobold zombie (Dis:1)
  A leopard gecko skeleton (D:4)
  5 rats
  8 crawling corpses
  2 lurking horrors
  A macabre mass (Abyss:4)
  9 starspawn tentacles
  10 tentacles
3834 creatures vanquished.

Vanquished Creatures (collateral kills)
  the Royal Jelly (Slime:5)
  A shard shrike (Coc:6)
  Arachne (Spider:2)
  A Brimstone Fiend (Geh:7)
  An Ice Fiend (Dis:7)
  A Hell Sentinel (Dis:7)
  Asterion (Elf:2)
  A quicksilver dragon (Dis:7)
  An ancient champion (Dis:6)
  An acid blob (Slime:5)
  5 reapers
  An iron dragon (Dis:7)
  A war gargoyle (Dis:7)
  An entropy weaver (Spider:4)
  An ettin (Vaults:3)
  A quicksilver dragon zombie (Dis:7)
  2 death oozes (Slime:5)
  3 ice dragons (Coc:7)
  A vault guard (Vaults:3)
  A great orb of eyes (Slime:5)
  A death yak (Lair:6)
  A sun demon (Geh:7)
  A soul eater (Hell)
  8 skeletal warriors
  An iron troll (Depths:1)
  A ghost moth zombie (Dis:7)
  A flayed ghost (Dis:7)
  An ironbrand convoker (Vaults:3)
  4 orc knights (Bailey)
  5 large abominations (Abyss:4)
  An anaconda skeleton (Coc:7)
  3 orb spiders
  3 wolf spiders
  An elephant (Lair:6)
  A fire giant skeleton (Geh:6)
  3 rust devils
  A smoke demon (Hell)
  An eye of devastation (Slime:5)
  2 dire elephant skeletons
  2 rime drakes (Lair:6)
  An ice devil (Coc:7)
  An efreet (Dis:7)
  A freezing wraith (Coc:7)
  3 demonic crawlers
  2 red devils (Hell)
  A tormentor (Dis:6)
  An anaconda simulacrum (Coc:7)
  2 hydra zombies (Coc:7)
  4 jumping spiders
  A harpy zombie (Hell)
  2 bog bodies (Coc:7)
  A harpy skeleton (Hell)
  6 slime creatures (Slime:5)
  4 blink frogs (Lair:6)
  4 flying skulls
  An ettin skeleton (Geh:6)
  11 redbacks
  A fire dragon skeleton (Coc:6)
  A wyvern (Lair:6)
  3 fire elementals
  A wraith (Dis:6)
  2 floating eyes
  5 small abominations (Abyss:4)
  5 hell hounds
  An orc warrior (D:9)
  An ice beast (Coc:4)
  2 cane toad skeletons
  A swamp dragon zombie (Dis:7)
  A snapping turtle skeleton (Coc:6)
  A crocodile (Lair:6)
  3 wights
  A quasit (D:9)
  2 iron imps
  A mummy (Coc:4)
  7 orcs
154 creatures vanquished.

Vanquished Creatures (others)
  A shard shrike (Coc:7)
  An ice dragon (Coc:7)
  2 hell hogs
  An unseen horror (Abyss:2)
  A necromancer (Depths:5)
  An orb spider (Spider:4)
  A cyclops (Vaults:1)
  2 redbacks
  A flying skull (Coc:4)
  2 tarantellas (Spider:3)
  A wraith (Geh:7)
  A human (Lair:4)
  An acid dragon (Vaults:1)
  A hell hound (Geh:2)
  A small abomination (Abyss:2)
  2 wights
  A starcursed mass (Abyss:2)
  A human skeleton (Geh:6)
  A white imp (Coc:7)
  A demonic plant (Abyss:4)
  11 fungi
  4 lurking horrors
  61 plants
  44 starspawn tentacles
  52 tentacles
196 creatures vanquished.

Grand Total: 4184 creatures vanquished

Notes
Turn   | Place    | Note
-------+----------+-------------------------------------------
     0 | D:1      | Zingih the Troll Fighter began the quest for the Orb.
     0 | D:1      | Reached XP level 1. HP: 22/22 MP: 0/0
   216 | D:1      | Reached XP level 2. HP: 23/29 MP: 1/1
   767 | D:2      | Reached XP level 3. HP: 34/36 MP: 2/2
   911 | D:2      | Found a shimmering blue altar of Sif Muna.
   913 | D:2      | Found a bloodstained altar of Trog.
   927 | D:2      | Found a shadowy altar of Dithmenos.
   976 | D:2      | Became a worshipper of Trog the Wrathful
  1017 | D:2      | Reached XP level 4. HP: 44/44 MP: 3/3
  1094 | D:2      | Found a basalt altar of Yredelemnul.
  1166 | D:2      | Found an ornate altar of the Wu Jian Council.
  1361 | D:3      | Noticed Robin
  1406 | D:3      | Killed Robin
  1551 | D:3      | Found a stormy altar of Qazlal.
  1727 | D:3      | Reached * piety under Trog
  1730 | D:3      | Reached skill level 3 in Unarmed Combat
  1763 | D:3      | Reached XP level 5. HP: 49/53 MP: 4/4
  2130 | D:4      | Noticed Sar's ghost (amateur FoEn)
  2137 | D:4      | Found a runed translucent gate.
  2137 | D:4      | Found a runed translucent gate.
  2137 | D:4      | Found a runed translucent gate.
  2167 | D:4      | Noticed a sky beast
  2183 | D:4      | Killed a sky beast
  2183 | D:4      | Reached XP level 6. HP: 31/61 MP: 5/5
  2202 | D:4      | Reached skill level 4 in Unarmed Combat
  2456 | D:4      | Killed Sar's ghost
  2456 | D:4      | Reached XP level 7. HP: 68/68 MP: 6/6
  2458 | D:4      | Reached skill level 5 in Unarmed Combat
  2925 | D:5      | Entered Level 5 of the Dungeon
  2945 | D:5      | Found a snail-covered altar of Cheibriados.
  3156 | D:5      | Reached ** piety under Trog
  3195 | D:5      | Noticed Prince Ribbit
  3196 | D:5      | Noticed Blork the orc
  3206 | D:5      | Killed Prince Ribbit
  3206 | D:5      | Reached skill level 6 in Unarmed Combat
  3212 | D:5      | Killed Blork the orc
  3212 | D:5      | Reached XP level 8. HP: 78/78 MP: 7/7
  3338 | D:5      | Noticed Grinder
  3348 | D:5      | Killed Grinder
  3482 | D:6      | Reached skill level 7 in Unarmed Combat
  3496 | D:6      | Noticed Sigmund
  3502 | D:6      | Killed Sigmund
  3549 | D:6      | Found a bloodstained altar of Trog.
  3766 | D:6      | Found a staircase to the Ecumenical Temple.
  3873 | D:6      | Identified the ring of the Garden {*Tele +Fly rF+ Str-3}
  3887 | D:6      | Reached skill level 5 in Dodging
  3887 | D:6      | Reached XP level 9. HP: 62/87 MP: 8/8
  3944 | D:6      | Reached skill level 5 in Fighting
  4245 | D:7      | Found a glowing silver altar of Zin.
  4272 | D:7      | Reached skill level 8 in Unarmed Combat
  4279 | D:7      | Reached skill level 5 in Shields
  4511 | D:7      | Identified the Guide on the Entourage and Snow
  4618 | D:7      | Reached *** piety under Trog
  4968 | D:8      | Found an opulent altar of Gozag.
  5209 | D:8      | Reached skill level 9 in Unarmed Combat
  5416 | D:8      | Noticed Erica
  5427 | D:8      | Killed Erica
  5427 | D:8      | Reached XP level 10. HP: 98/98 MP: 9/9
  5890 | D:8      | Found a blossoming altar of Fedhas.
  6206 | D:8      | Noticed Grum
  6222 | D:8      | Killed Grum
  6428 | D:9      | Reached **** piety under Trog
  6487 | D:9      | Reached skill level 10 in Unarmed Combat
  6846 | D:9      | Found a staircase to the Orcish Mines.
  6911 | D:9      | Identified the cursed +0 flail of Iheem {flame, rC+ Dex+2}
  6941 | D:9      | HP: 3/100 [orc/+0 flail (8)]
  7206 | D:9      | Found a transporter.
  7289 | D:9      | Found a transporter.
  7319 | D:9      | Found a snail-covered altar of Cheibriados.
  7371 | D:9      | Noticed a wizard
  7383 | D:9      | Noticed a green ugly thing
  7402 | D:9      | Noticed a worldbinder
  7416 | D:9      | Noticed a toenail golem
  7445 | D:9      | Identified the +11 trident of Vodka {distort, +Rage rElec}
  7450 | D:9      | Found a one-way gate to the infinite horrors of the Abyss.
  8122 | D:10     | Entered Level 10 of the Dungeon
  8171 | D:10     | Noticed a two-headed ogre
  8182 | D:10     | Killed a two-headed ogre
  8182 | D:10     | Reached XP level 11. HP: 103/107 MP: 10/10
  8315 | D:10     | Found a flagged portal.
  8326 | D:10     | Reached skill level 1 in Evocations
  8345 | Bailey   | Entered a bailey
  8440 | Bailey   | Reached ***** piety under Trog
  8667 | Bailey   | Noticed an orc knight
  8676 | Bailey   | Noticed an orc knight
  8681 | Bailey   | Noticed an orc knight
  8682 | Bailey   | Killed an orc knight
  8682 | Bailey   | Reached skill level 11 in Unarmed Combat
  8687 | Bailey   | Killed an orc knight
  8691 | Bailey   | Noticed an orc knight
  8693 | Bailey   | Killed an orc knight
  8694 | Bailey   | Noticed an orc knight
  8694 | Bailey   | Noticed an orc knight
  8699 | Bailey   | Killed an orc knight
  8703 | Bailey   | Killed an orc knight
  8707 | Bailey   | Killed an orc knight
  9238 | D:10     | Killed an unseen horror
  9452 | D:10     | Reached skill level 1 in Armour
  9668 | D:10     | Noticed a two-headed ogre
  9668 | D:10     | Noticed a frost giant
  9668 | D:10     | Noticed a great orb of eyes
  9676 | D:10     | Killed a two-headed ogre
  9689 | D:10     | Killed a great orb of eyes
  9699 | D:10     | Killed a frost giant
 10108 | D:11     | Noticed a two-headed ogre
 10116 | D:11     | Killed a two-headed ogre
 10116 | D:11     | Reached XP level 12. HP: 119/119 MP: 11/11
 10262 | D:11     | Found a staircase to the Lair.
 10291 | D:11     | Reached skill level 12 in Unarmed Combat
 10713 | D:11     | Found Mean's Magic Scroll Shoppe.
 10716 | D:11     | Bought a scroll of acquirement for 520 gold pieces
 10716 | D:11     | Bought a scroll of identify for 20 gold pieces
 10716 | D:11     | Bought a scroll of teleportation for 30 gold pieces
 10716 | D:11     | Acquired a manual of Evocations
 10936 | Lair:1   | Entered Level 1 of the Lair of Beasts
 11297 | Lair:1   | Received a gift from Trog
 12161 | Lair:2   | Found a frozen archway.
 12196 | IceCv    | Entered an ice cave
 12276 | IceCv    | Reached skill level 5 in Evocations
 12703 | IceCv    | Noticed an ice dragon
 12704 | IceCv    | Noticed an ice dragon
 12715 | IceCv    | Killed an ice dragon
 12719 | IceCv    | Killed an ice dragon
 12719 | IceCv    | Reached skill level 13 in Unarmed Combat
 12719 | IceCv    | Reached XP level 13. HP: 75/128 MP: 12/12
 13098 | Lair:2   | Found a staircase to the Shoals.
 13103 | Lair:2   | Noticed Nergalle
 13115 | Lair:2   | Killed Nergalle
 13325 | Lair:2   | Found a hole to the Spider Nest.
 13819 | Lair:3   | Received a gift from Trog
 14109 | Lair:3   | You fall into a shaft and drop 3 floors!
 14109 | Lair:6   | Entered Level 6 of the Lair of Beasts
 14150 | Lair:6   | Reached skill level 5 in Armour
 14906 | Lair:6   | Reached XP level 14. HP: 140/140 MP: 13/13
 15181 | Lair:5   | Reached skill level 14 in Unarmed Combat
 15295 | Lair:5   | Found a staircase to the Slime Pits.
 15929 | Lair:4   | Noticed Urug
 15948 | Lair:4   | Killed Urug
 16092 | Lair:4   | Noticed Josephine
 16094 | Lair:4   | Noticed Kirke
 16102 | Lair:4   | Killed Josephine
 16132 | Lair:4   | Killed Kirke
 16544 | Lair:4   | Noticed Nessos
 16556 | Lair:4   | Killed Nessos
 16892 | Lair:3   | Gained mutation: You can translocate small distances at
                  | will. [potion of mutation]
 16893 | Lair:3   | Lost mutation: You can translocate small distances at will.
                  | [potion of mutation]
 16893 | Lair:3   | Gained mutation: You have large cloven feet. [potion of
                  | mutation]
 16893 | Lair:3   | Gained mutation: You are partially covered in slimy green
                  | scales. (AC +2) [potion of mutation]
 17621 | Orc:1    | Entered Level 1 of the Orcish Mines
 17868 | Orc:2    | Entered Level 2 of the Orcish Mines
 17937 | Orc:2    | Found a staircase to the Elven Halls.
 18097 | Orc:2    | Found Igow's General Store.
 18183 | Orc:2    | Received a gift from Trog
 18213 | Orc:2    | Found Warud's Magic Scroll Shop.
 18284 | Orc:2    | Bought the +9 scales of the Dragon King {rPois rF+ rC+ MR+}
                  | for 1872 gold pieces
 18284 | Orc:2    | Found the +9 scales of the Dragon King {rPois rF+ rC+ MR+}
 18284 | Orc:2    | Bought a scroll of identify for 30 gold pieces
 18284 | Orc:2    | Bought a scroll of identify for 30 gold pieces
 18284 | Orc:2    | Bought a scroll of teleportation for 45 gold pieces
 18284 | Orc:2    | Bought a potion of curing for 45 gold pieces
 18405 | Orc:2    | Reached skill level 10 in Shields
 18630 | Orc:2    | Reached XP level 15. HP: 149/149 MP: 14/14
 18699 | Orc:2    | Found Zum Huyz's Antique Armour Shoppe.
 18699 | Orc:2    | Found Wobra Omuv's Book Emporium.
 18699 | Orc:2    | Found a one-way gate leading to the halls of Pandemonium.
 19119 | Orc:2    | Found Xiwil's Antique Armour Shoppe.
 19234 | Orc:2    | Bought a scroll of blinking for 120 gold pieces
 19284 | Elf:1    | Entered Level 1 of the Elven Halls
 19373 | Elf:1    | You fall into a shaft and drop 1 floor!
 19429 | Elf:2    | Found Ymoalysh's Gadget Boutique.
 19430 | Elf:2    | Found Rionaov's Jewellery Shoppe.
 19431 | Elf:2    | Found Ulinn's Gadget Boutique.
 19431 | Elf:2    | Found a runed translucent gate.
 19467 | Elf:2    | Found a magical portal.
 19476 | WizLab   | Entered Zonguldrok's Shrine
 19658 | WizLab   | Received a gift from Trog
 19707 | WizLab   | Reached skill level 15 in Unarmed Combat
 19763 | WizLab   | Noticed an ancient champion
 19780 | WizLab   | Killed an ancient champion
 19780 | WizLab   | Reached skill level 10 in Fighting
 19839 | WizLab   | Noticed an ancient champion
 19867 | WizLab   | Killed an ancient champion
 19963 | WizLab   | Noticed an antique lich
 19988 | WizLab   | Killed an antique lich
 20025 | WizLab   | Found the +9 sword of Zonguldrok {reap}
 20177 | Elf:2    | Found a runed translucent gate.
 20177 | Elf:2    | Found a runed translucent gate.
 20850 | Elf:2    | Noticed a deep elf blademaster
 20877 | Elf:2    | Killed a deep elf blademaster
 20877 | Elf:2    | Reached skill level 10 in Evocations
 20884 | Elf:2    | Reached XP level 16. HP: 97/159 MP: 15/15
 21151 | Elf:2    | Identified the +1 kite shield of Tiash {rF+ Int+2 Dex+2}
 21151 | Elf:2    | Noticed Asterion
 21161 | Elf:2    | Killed Asterion
 21394 | Elf:2    | Reached skill level 16 in Unarmed Combat
 21554 | Elf:2    | Received a gift from Trog
 22086 | Elf:1    | Found Yplovokk's Book Emporium.
 22091 | Elf:1    | Found Quexor's Distillery.
 22094 | Elf:1    | Found Mophoiz's Armour Emporium.
 22805 | Elf:3    | Entered Level 3 of the Elven Halls
 23565 | Elf:3    | Noticed a deep elf blademaster
 23570 | Elf:3    | Noticed a deep elf blademaster
 23573 | Elf:3    | Noticed an Executioner
 23573 | Elf:3    | Killed a deep elf blademaster
 23577 | Elf:3    | Noticed a deep elf master archer
 23578 | Elf:3    | Noticed a deep elf master archer
 23578 | Elf:3    | Killed a deep elf blademaster
 23579 | Elf:3    | Noticed a Hell Sentinel
 23589 | Elf:3    | Received a gift from Trog
 23589 | Elf:3    | Reached XP level 17. HP: 142/170 MP: 16/16
 23754 | Elf:2    | Bought a condenser vane (2/2) for 320 gold pieces
 23842 | Elf:3    | Noticed a Tzitzimitl
 23848 | Elf:3    | Killed a deep elf master archer
 23947 | Elf:3    | Killed a deep elf master archer
 23950 | Elf:3    | Identified the +8 quarterstaff "Troll's Foe" {vorpal,
                  | Int+3}
 23950 | Elf:3    | Identified the amulet "Weteeqa" {Reflect rC+ rN+ MR+ SH+5}
 23951 | Elf:3    | Noticed a Tzitzimitl
 23973 | Elf:3    | Identified the cursed +1 long sword of Rophimus {elec,
                  | *Slow Str+4 Int+2}
 23983 | Elf:3    | Noticed an Ice Fiend
 24217 | Elf:3    | Found the +2 hood of the Assassin {Detection Stab+ Stlth++}
 24372 | Elf:3    | Identified Sif Muna's Guide on Burning Dislocation
 24536 | Elf:1    | Bought a potion of haste for 130 gold pieces
 24536 | Elf:1    | Bought a potion of curing for 39 gold pieces
 24536 | Elf:1    | Bought a potion of curing for 39 gold pieces
 24536 | Elf:1    | Bought a potion of curing for 39 gold pieces
 24536 | Elf:1    | Bought a potion of heal wounds for 65 gold pieces
 24536 | Elf:1    | Bought a potion of heal wounds for 65 gold pieces
 24536 | Elf:1    | Bought a potion of curing for 39 gold pieces
 24536 | Elf:1    | Bought a potion of might for 52 gold pieces
 24813 | Shoals:1 | Entered Level 1 of the Shoals
 25002 | Shoals:1 | Received a gift from Trog
 25075 | Shoals:1 | Found Sesa's Assorted Antiques.
 25212 | Shoals:1 | Bought a scroll labeled BESOGAXIO for 31 gold pieces
 25212 | Shoals:1 | Bought a potion of heal wounds for 155 gold pieces
 25212 | Shoals:1 | Bought a scroll of fog for 62 gold pieces
 25219 | Shoals:1 | Acquired 2580 gold pieces
 25223 | Shoals:1 | Bought a potion of resistance for 310 gold pieces
 25223 | Shoals:1 | Bought a potion of curing for 93 gold pieces
 25223 | Shoals:1 | Bought a scroll of teleportation for 93 gold pieces
 25641 | Shoals:2 | Reached skill level 10 in Armour
 25651 | Shoals:2 | Reached skill level 17 in Unarmed Combat
 25934 | Shoals:2 | Noticed Aizul
 25952 | Shoals:2 | Killed Aizul
 26361 | Shoals:3 | Received a gift from Trog
 26697 | Shoals:3 | Cast into level 2 of the Abyss (merfolk)
 26700 | Abyss:2  | Noticed a bone dragon
 26734 | Abyss:2  | Killed a bone dragon
 26751 | Abyss:2  | Reached XP level 18. HP: 75/162 MP: 17/17
 26981 | Abyss:2  | Reached ****** piety under Trog
 26985 | Shoals:3 | Escaped the Abyss
 27002 | Shoals:3 | Received a gift from Trog
 27151 | Shoals:3 | Found Imihewoz's Weapon Shop.
 27304 | Shoals:3 | Gained mutation: Your body sometimes deteriorates upon
                  | taking damage. [mutagenic glow]
 27687 | Shoals:4 | Entered Level 4 of the Shoals
 27775 | Shoals:4 | Found a shattered altar of Ashenzari.
 28079 | Shoals:4 | Got a barnacled rune of Zot
 28502 | Spider:1 | Entered Level 1 of the Spider Nest
 28518 | Spider:1 | Received a gift from Trog
 29470 | Spider:2 | Reached skill level 18 in Unarmed Combat
 29594 | Spider:2 | Noticed Arachne
 29609 | Spider:2 | Killed Arachne
 29651 | Spider:2 | You fall into a shaft and drop 1 floor!
 29652 | Spider:3 | Noticed Jorgrun
 29663 | Spider:3 | Killed Jorgrun
 29670 | Spider:3 | Noticed Azrael
 29877 | Spider:2 | You fall into a shaft and drop 1 floor!
 29900 | Spider:2 | Reached XP level 19. HP: 185/191 MP: 18/18
 30310 | Spider:3 | Received a gift from Trog
 30337 | Spider:3 | Killed Azrael
 30632 | Spider:4 | Entered Level 4 of the Spider Nest
 30945 | Spider:4 | Received a gift from Trog
 31461 | Spider:4 | Got a gossamer rune of Zot
 32195 | Elf:1    | Bought a potion of mutation for 104 gold pieces
 32195 | Elf:1    | Bought a potion of flight for 39 gold pieces
 32250 | Elf:2    | Bought the ring of Tits {MR++ Int+6} for 1330 gold pieces
 32384 | Orc:2    | Bought a scroll of fear for 56 gold pieces
 32384 | Orc:2    | Bought a scroll of fear for 56 gold pieces
 32384 | Orc:2    | Bought a scroll of teleportation for 48 gold pieces
 32384 | Orc:2    | Bought a scroll of summoning for 152 gold pieces
 32384 | Orc:2    | Bought a scroll of enchant armour for 120 gold pieces
 32702 | D:12     | Received a gift from Trog
 33192 | D:12     | Noticed Maurice
 33195 | D:12     | Killed Maurice
 33478 | D:13     | Found a gate to the Vaults.
 33596 | D:13     | Found a shattered altar of Ashenzari.
 34601 | D:13     | Lost mutation: Your body sometimes deteriorates upon taking
                  | damage. [potion of mutation]
 34601 | D:13     | Lost mutation: You are partially covered in slimy green
                  | scales. (AC +2) [potion of mutation]
 34601 | D:13     | Gained mutation: You passively map a small area around you.
                  | [potion of mutation]
 34601 | D:13     | Gained mutation: Your muscles are strong. (Str +2) [potion
                  | of mutation]
 34795 | D:14     | Noticed Roxanne
 34845 | D:14     | Killed Roxanne
 34954 | D:14     | Found Qomuk's Weapon Shop.
 35167 | D:14     | Received a gift from Trog
 35675 | D:15     | Entered Level 15 of the Dungeon
 35688 | D:15     | Found Sippoagi's Antique Weapon Boutique.
 35722 | D:15     | Reached skill level 19 in Unarmed Combat
 35722 | D:15     | Reached XP level 20. HP: 201/201 MP: 19/19
 35728 | D:15     | Reached skill level 1 in Throwing
 36293 | D:15     | Found a staircase to the Depths.
 36581 | Vaults:1 | Entered Level 1 of the Vaults
 36776 | Vaults:1 | Received a gift from Trog
 37875 | Vaults:2 | Found Hotauxast's Antique Weapon Shop.
 38667 | Vaults:2 | Received a gift from Trog
 38940 | Vaults:2 | Found a staircase to the Crypt.
 39587 | Vaults:3 | Reached XP level 21. HP: 163/211 MP: 20/20
 39633 | Vaults:3 | Reached skill level 20 in Unarmed Combat
 39648 | Vaults:3 | Received a gift from Trog
 39767 | Vaults:3 | Found Wuuckoudghu's Assorted Antiques.
 39895 | Vaults:3 | Bought a potion of cancellation for 200 gold pieces
 39895 | Vaults:3 | Bought a scroll of fog for 50 gold pieces
 40769 | Vaults:4 | Found a glowing silver altar of Zin.
 41561 | Vaults:4 | Found Kirawug's Jewellery Emporium.
 41569 | Vaults:4 | Bought a +4 ring of slaying for 1404 gold pieces
 41961 | Vaults:5 | Entered Level 5 of the Vaults
 41999 | Vaults:5 | Received a gift from Trog
 42266 | Vaults:5 | Identified the +4 scale mail "Zufaosam" {*Corrode rPois
                  | Dex+7}
 42302 | Vaults:5 | Reached skill level 15 in Shields
 42531 | Vaults:5 | Noticed an ancient lich
 42537 | Vaults:5 | Killed an ancient lich
 42644 | Vaults:5 | Reached XP level 22. HP: 162/223 MP: 21/21
 42869 | Vaults:5 | Got a silver rune of Zot
 42899 | Vaults:5 | Noticed Mara
 42909 | Vaults:5 | Killed Mara
 42911 | Vaults:5 | Reached skill level 21 in Unarmed Combat
 43050 | Vaults:5 | Noticed Boris
 43060 | Vaults:5 | Killed Boris
 43733 | Vaults:5 | Identified the Incunabulum of Calling and the Mountains
 43754 | Vaults:5 | Identified the cursed +2 longbow of Terror {freeze, Str+2
                  | SInv}
 43807 | Vaults:5 | Identified the +6 hunting sling of Qeof {venom, rPois
                  | Stlth+}
 43809 | Vaults:5 | Identified the +6 rapier of Optimality {freeze, rF+}
 43819 | Vaults:5 | Received a gift from Trog
 43873 | Vaults:5 | Identified the cursed ring of Neurosis {rElec rPois rC+
                  | AC-4 Str-2 Dex+4}
 44486 | Depths:1 | Entered Level 1 of the Depths
 44545 | Depths:1 | Found Tiotuvan's Assorted Antiques.
 44551 | Depths:1 | Bought a scroll of teleportation for 84 gold pieces
 44703 | Depths:1 | Identified the amulet "Omo Xeuv" {Inacc *Drain rC+ rN+}
                  | (You found it on level 1 of the Depths)
 44899 | Depths:1 | Found a gateway to Hell.
 44995 | Depths:1 | Received a gift from Trog
 45901 | Depths:2 | Reached XP level 23. HP: 232/232 MP: 22/22
 45938 | Depths:2 | Found a corrupted altar of Lugonu.
 46489 | Depths:2 | Received a gift from Trog
 46882 | Depths:2 | Found a runed translucent door.
 46884 | Depths:2 | Noticed a juggernaut
 46895 | Depths:2 | Identified the +1 chain mail "Qeklad" {rCorr}
 46907 | Depths:2 | Reached skill level 22 in Unarmed Combat
 46909 | Depths:2 | Found a runed translucent door.
 46923 | Depths:2 | Killed a juggernaut
 46947 | Depths:2 | Noticed a caustic shrike
 47010 | Depths:2 | Killed a caustic shrike
 47675 | Depths:3 | Noticed Bai Suzhen
 47690 | Depths:3 | Killed Bai Suzhen
 47690 | Depths:3 | Reached skill level 15 in Fighting
 47843 | Depths:3 | Received a gift from Trog
 47875 | Depths:3 | Noticed the Enchantress
 47885 | Depths:3 | Killed the Enchantress
 48329 | Depths:3 | Found a gateway to a ziggurat.
 48579 | Depths:3 | Reached XP level 24. HP: 220/245 MP: 22/22
 49061 | Depths:4 | Received a gift from Trog
 49061 | Depths:4 | Reached skill level 15 in Evocations
 49092 | Depths:4 | Reached skill level 15 in Armour
 49135 | Depths:4 | Received a gift from Trog
 49148 | Depths:4 | Reached skill level 23 in Unarmed Combat
 49719 | Depths:4 | Found Kuuthremn's Armour Emporium.
 49857 | Depths:4 | Paralysed by a floating eye for 2 turns
 49896 | Depths:4 | Identified the +4 great sword "Dragonslayer" {flame, rC+
                  | MR+ Dex+3} (You found it on level 4 of the Depths)
 50042 | Depths:5 | Entered Level 5 of the Depths
 50050 | Depths:5 | Noticed Margery
 50070 | Depths:5 | Killed Margery
 50150 | Depths:5 | Received a gift from Trog
 50568 | Depths:5 | Found the +6 Majin-Bo {vamp, MP+6 Int+6}
 50771 | Depths:5 | Reached XP level 25. HP: 247/256 MP: 22/22
 50857 | Depths:5 | Found a gate to the Realm of Zot.
 50997 | Depths:5 | Noticed a juggernaut
 50997 | Depths:5 | Noticed Boris
 51014 | Depths:5 | Killed a juggernaut
 51024 | Depths:5 | Killed Boris
 51340 | Depths:5 | Voluntarily entered the Abyss.
 51585 | Abyss:1  | Received a gift from Trog
 52537 | Abyss:1  | Received a gift from Trog
 52726 | Abyss:1  | Gained mutation: Your spells are a little easier to cast,
                  | but a little less powerful. [a neqoxec]
 52801 | Abyss:1  | Gained mutation: Your magical capacity is low. (-10% MP) [a
                  | neqoxec]
 53071 | Abyss:1  | Reached skill level 24 in Unarmed Combat
 53084 | Abyss:1  | Found an iron altar of Okawaru.
 53125 | Abyss:2  | Found a corrupted altar of Lugonu.
 53286 | Abyss:2  | Found a corrupted altar of Lugonu.
 53368 | Abyss:2  | Paralysed by accursed screaming for 1 turns
 53442 | Abyss:2  | Gained mutation: Armour fits poorly on your strangely
                  | shaped body. [a neqoxec]
 53471 | Abyss:2  | Acquired 1540 gold pieces
 53737 | Abyss:2  | Lost mutation: You have large cloven feet. [potion of
                  | mutation]
 53737 | Abyss:2  | Lost mutation: Your muscles are strong. (Str +2) [potion of
                  | mutation]
 53737 | Abyss:2  | Lost mutation: Your magical capacity is low. (-10% MP)
                  | [potion of mutation]
 53737 | Abyss:2  | Lost mutation: Your spells are a little easier to cast, but
                  | a little less powerful. [potion of mutation]
 53737 | Abyss:2  | Gained mutation: You have sharp toenails. [potion of
                  | mutation]
 53737 | Abyss:2  | Gained mutation: You possess an exceptional clarity of
                  | mind. [potion of mutation]
 53899 | Abyss:2  | Paralysed by accursed screaming for 1 turns
 53943 | Abyss:2  | Gained mutation: Scrolls take you a little longer to read.
                  | [a neqoxec]
 53955 | Abyss:2  | Received a gift from Trog
 54144 | Abyss:2  | Lost mutation: You possess an exceptional clarity of mind.
                  | [a neqoxec]
 54466 | Abyss:3  | Found a corrupted altar of Lugonu.
 54620 | Abyss:3  | Paralysed by accursed screaming for 2 turns
 54702 | Abyss:3  | Received a gift from Trog
 54754 | Abyss:3  | Reached XP level 26. HP: 217/267 MP: 22/22
 54764 | Abyss:3  | Found a corrupted altar of Lugonu.
 54818 | Abyss:4  | Found a corrupted altar of Lugonu.
 55162 | Abyss:4  | Gained mutation: Scrolls take you longer to read. [a
                  | neqoxec]
 55380 | Abyss:4  | Received a gift from Trog
 55677 | Abyss:4  | Gained mutation: You occasionally shout uncontrollably at
                  | your foes. [a cacodemon]
 55764 | Abyss:4  | Paralysed by a floating eye for 2 turns
 55770 | Abyss:4  | Paralysed by a floating eye for 4 turns
 55809 | Abyss:4  | Got an abyssal rune of Zot
 55848 | Abyss:4  | Gained mutation: You are weak. (Str -2) [a shining eye]
 55850 | Abyss:4  | Gained mutation: Scrolls take you much longer to read. [a
                  | shining eye]
 55936 | Abyss:4  | Paralysed by accursed screaming for 1 turns
 55943 | Abyss:4  | Received a gift from Trog
 56130 | Depths:5 | Escaped the Abyss
 56276 | Depths:5 | Lost mutation: You have sharp toenails. [potion of
                  | mutation]
 56276 | Depths:5 | Lost mutation: You are weak. (Str -2) [potion of mutation]
 56276 | Depths:5 | Gained mutation: Your magical capacity is low. (-10% MP)
                  | [potion of mutation]
 56276 | Depths:5 | Gained mutation: You are robust. (+10% HP) [potion of
                  | mutation]
 56277 | Depths:5 | Lost mutation: Your magical capacity is low. (-10% MP)
                  | [potion of mutation]
 56277 | Depths:5 | Lost mutation: Armour fits poorly on your strangely shaped
                  | body. [potion of mutation]
 56277 | Depths:5 | Gained mutation: Your body sometimes deteriorates upon
                  | taking damage. [potion of mutation]
 56277 | Depths:5 | Gained mutation: Your mind is acute. (Int +2) [potion of
                  | mutation]
 56277 | Depths:5 | Gained mutation: Your spells are a little harder to cast,
                  | but a little more powerful. [potion of mutation]
 56278 | Depths:5 | Lost mutation: Scrolls take you much longer to read.
                  | [potion of mutation]
 56278 | Depths:5 | Lost mutation: You occasionally shout uncontrollably at
                  | your foes. [potion of mutation]
 56278 | Depths:5 | Lost mutation: Scrolls take you longer to read. [potion of
                  | mutation]
 56278 | Depths:5 | Lost mutation: Your mind is acute. (Int +2) [potion of
                  | mutation]
 56278 | Depths:5 | Gained mutation: Armour fits poorly on your strangely
                  | shaped body. [potion of mutation]
 56278 | Depths:5 | Gained mutation: You evolve. [potion of mutation]
 56455 | D:11     | Gained mutation: You have a somewhat thin skeletal
                  | structure. (Dex +2, Stealth) [evolution]
 56612 | Slime:1  | Entered Level 1 of the Pits of Slime
 56651 | Slime:1  | Reached skill level 25 in Unarmed Combat
 56657 | Slime:1  | Gained mutation: You are clumsy. (Dex -2) [a shining eye]
 56955 | Slime:4  | Gained mutation: You are weak. (Str -2) [a shining eye]
 57176 | Slime:5  | Entered Level 5 of the Pits of Slime
 57227 | Slime:5  | HP: 7/295 [disintegration (41)]
 57509 | Slime:5  | Paralysed by a floating eye for 2 turns
 57512 | Slime:5  | Noticed the Royal Jelly
 57518 | Slime:5  | Killed the Royal Jelly
 57518 | Slime:5  | Received a gift from Trog
 58080 | Slime:5  | Got a scintillating silver ring
 58082 | Slime:5  | Found the cursed necklace of Bloodlust {*Rage +Rage MR++
                  | Int-3 Slay+6 *Curse}
 58114 | Slime:5  | Identified the ring "Yfaphol" {Str+4 SInv Stlth+} (You
                  | found it on level 5 of the Pits of Slime)
 58142 | Slime:5  | Identified the ring "Loomyam" {MR+ Str+6 Int+7 Dex-2
                  | Slay+2} (You found it on level 5 of the Pits of Slime)
 58144 | Slime:5  | Identified the ring "Kudghiyho" {rPois rN+ MP+9} (You found
                  | it on level 5 of the Pits of Slime)
 58170 | Slime:5  | Got a slimy rune of Zot
 58174 | Slime:5  | Identified the ring of Hixypneu {Fire rPois} (You found it
                  | on level 5 of the Pits of Slime)
 58335 | Slime:2  | Gained mutation: Your body often deteriorates upon taking
                  | damage. [a shining eye]
 58340 | Slime:2  | Lost mutation: Your spells are a little harder to cast, but
                  | a little more powerful. [a shining eye]
 58341 | Slime:2  | Lost mutation: Scrolls take you a little longer to read. [a
                  | shining eye]
 58761 | Hell     | Entered the Vestibule of Hell
 58761 | Hell     | Noticed Geryon
 58774 | Hell     | Killed Geryon
 58805 | Hell     | Reached XP level 27. HP: 249/303 MP: 22/22
 58812 | Hell     | Noticed Murray
 58834 | Hell     | Killed Murray
 59089 | Hell     | Received a gift from Trog
 59092 | Hell     | Found a gateway to the decaying netherworld of Tartarus.
 59278 | Hell     | Found a gateway to the freezing wastes of Cocytus.
 59577 | Hell     | Found a gateway to the Iron City of Dis.
 59643 | Hell     | Found a gateway to the ashen valley of Gehenna.
 59670 | Geh:1    | Entered Level 1 of Gehenna
 59792 | Geh:1    | Received a gift from Trog
 60507 | Geh:4    | You fall into a shaft and drop 1 floor!
 60539 | Geh:5    | Received a gift from Trog
 60677 | Geh:7    | Entered Level 7 of Gehenna
 60785 | Geh:7    | Reached skill level 26 in Unarmed Combat
 60804 | Geh:7    | Received a gift from Trog
 60847 | Geh:7    | Noticed the Serpent of Hell
 60860 | Geh:7    | Killed the Serpent of Hell
 61289 | Geh:7    | Identified the +7 sceptre of Asmodeus
 61289 | Geh:7    | Noticed Asmodeus
 61305 | Geh:7    | Killed Asmodeus
 61401 | Geh:7    | Identified the +8 eveningstar of Ositunes {vorpal, rElec
                  | rPois} (You found it on level 7 of Gehenna)
 61462 | Geh:7    | Identified the Collected Works on Stones and Necromancy
 61475 | Geh:7    | Got an obsidian rune of Zot
 61959 | Geh:7    | Received a gift from Trog
 62165 | Coc:1    | Entered Level 1 of Cocytus
 62497 | Coc:3    | Noticed an ancient lich
 62786 | Coc:4    | Received a gift from Trog
 63239 | Coc:6    | Received a gift from Trog
 63371 | Coc:7    | Entered Level 7 of Cocytus
 63532 | Coc:7    | Reached skill level 27 in Unarmed Combat
 63968 | Coc:7    | Received a gift from Trog
 64467 | Coc:7    | Identified the ring of Sounn {MP+9 Str+6 Int-4 Dex+4} (You
                  | found it on level 7 of Cocytus)
 65277 | Coc:7    | Noticed Antaeus
 65666 | Coc:7    | Received a gift from Trog
 66171 | Coc:7    | Identified the +8 great sword "Rues" {pain, rElec rC- Dex+4
                  | SInv}
 66197 | Coc:7    | Reached skill level 5 in Throwing
 66230 | Coc:7    | Killed Antaeus
 66376 | Coc:7    | Got an icy rune of Zot
 66384 | Coc:7    | Identified the +1 cloak of Xom's Anger {Rampage rF+} (You
                  | found it on level 7 of Cocytus)
 67040 | Dis:1    | Entered Level 1 of the Iron City of Dis
 67586 | Dis:1    | Gained mutation: You expend magic power (3 MP) to
                  | strengthen your wands. [evolution]
 67699 | Dis:2    | Received a gift from Trog
 68135 | Dis:3    | Received a gift from Trog
 68823 | Dis:5    | Received a gift from Trog
 68917 | Dis:6    | HP: 5/315 [reaper/+3 vampiric scythe (21)]
 68929 | Dis:6    | HP: 11/315 [reaper/+2 vorpal scythe (9)]
 69512 | Dis:7    | Entered Level 7 of the Iron City of Dis
 69852 | Dis:7    | Received a gift from Trog
 70564 | Dis:7    | HP: 11/316 [Hell Sentinel/damnation (42)]
 70964 | Dis:7    | Found the +7 sceptre of Torment {pain, torment}
 71031 | Dis:7    | Identified the +4 staff of Dispater
 71031 | Dis:7    | Noticed Dispater
 71053 | Dis:7    | Received a gift from Trog
 71083 | Dis:7    | Killed Dispater
 71177 | Dis:7    | Got an iron rune of Zot
 71519 | Dis:7    | Identified the Disquisition on Gliding Necromancy
 71624 | Dis:7    | Found the +7 Spriggan's Knife {stab, EV+4 Stlth+}
 71634 | Dis:7    | Identified the Guide on Moulding
 71743 | Dis:7    | Identified the ring of Iddakk {+Inv rElec Str+6 Int-2
                  | Slay+3} (You found it on level 7 of the Iron City of Dis)
 71962 | Dis:7    | Lost mutation: You evolve. [end of evolution]
 72147 | Tar:1    | Entered Level 1 of Tartarus
 72163 | Tar:1    | HP: 10/311 [doom hound (25)]
 72163 | Tar:1    | HP: 1/311 [bone dragon[a doom hound] (8)]
 72164 | Hell     | Succumbed to poison (dark miasma)

Illustrated notes

Levels and vault maps discovered:
D:1:      dpeg_arrival_court, layout_loops_ring, hangedman_abyss_or_decor_stabs
D:2:      layout_basic, lemuel_zombie_altar_yredelemnul, lemuel_round_altar,
          grunt_temple_overflow_open
D:3:      layout_loops_corners, lemuel_round_altar, uniq_robin
D:4:      layout_loops_cross, gammafunk_ghost_split, kennysheep_small_spiral
D:5:      layout_rooms, slow_altar_2, uniq_prince_ribbit1, uniq_blork_the_orc,
          uniq_grinder
D:6:      layout_basic, minmay_temple_entry_statues_pillars, basic_altar,
          uniq_sigmund
D:7:      layout_loops_corners, zin_treasury
D:8:      minmay_flawed_box, layout_layer_cave, grunt_gozag_statues,
          fedhas_altar_2, uniq_erica, uniq_grum
D:9:      layout_basic, david_orc_1_choice, basic_altar,
          gammafunk_ghost_abyssal_escape, grunt_ministairs_2
D:10:     layout_roguey, enter_bailey_7, wad_scary_box
D:11:     layout_basic, david_lair_shrubbed, serial_shops,
          nicolae_shop_behind_doors, kennysheep_cross_bottleneck
D:12:     layout_irregular_city, kennysheep_generic_room_12, uniq_maurice
D:13:     layout_layer_cave, david_vaults_3, basic_altar, st_stairs_2,
          minmay_misc_feat_secret_circle, minmay_fractal_squares_5
D:14:     layout_irregular_city, serial_shops, shop, minmay_rotating_lava,
          uniq_roxanne
D:15:     hangedman_depths_entry_try_elsewhere_first, layout_loops_cross,
          nrook_uturn, serial_shops, nicolae_shop_overgrown_old_shop
Lair:1:   layout_cave_pods, cheibrodos_lair_lostbears, grunt_megastairs_3
Lair:2:   layout_regular_city, minmay_shoals_entry_lonely_mermaid,
          spider_nest_entry_a, portal_ice_cave_entry_imps, beast_lair_carwin_3,
          infiniplex_staircase_pool, uniq_nergalle
Lair:3:   layout_small_grid
Lair:4:   layout_long_grid, minivault_11, st_stairs_10, uniq_urug, uniq_kirke,
          uniq_josephine, uniq_nessos
Lair:5:   beast_lair_carwin_large_2, layout_misc_corridors,
          nicolae_slime_entry_slimehenge, grunt_megastairs_2
Lair:6:   gammafunk_lair_ancient_temple, layout_gridlike
Shoals:1: layout_shoals, nicolae_shoals_c_island
Shoals:2: layout_shoals, uniq_aizul
Shoals:3: layout_shoals, serial_shops, shop, ldierk_geyser,
          nicolae_shoals_flooded_hall
Shoals:4: shoals_end_grunt_ice, layout_shoals, hangedman_feature_mirror
Spider:1: layout_spider_delve
Spider:2: layout_spider_delve, nicolae_spider_cling_ruins, uniq_arachne
Spider:3: layout_spider_delve, uniq_azrael, uniq_jorgrun
Spider:4: grunt_spider_rune_circles
Slime:1:  layout_caves
Slime:2:  layout_caves
Slime:3:  layout_caves
Slime:4:  layout_caves, basic_altar, cheibrodos_slime_lost_civilization_6
Slime:5
Orc:1:    layout_caves
Orc:2:    pf_orc_diabolical, layout_diamond_mine, serial_shops, shop
Elf:1:    layout_loops_corners, minmay_elf_necromancy, minmay_shop_star
Elf:2:    layout_geoelf_octagon, mu_enter_wizlab_5, minivault_14,
          chequers_hall_statues_corner_a, minmay_shop_grove, uniq_asterion
Elf:3:    elf_hall, layout_gridlike
Vaults:1: v_alt_pattern_5, nicolae_vaults_little_squares_3,
          nicolae_vaults_angled_halls, ontoclasm_vaults_misaligned,
          dpeg_vaults_monster_box, nicolae_vaults_little_ls,
          ontoclasm_vaults_shuriken, v_misc_27, layout_vaults_omnigrid
Vaults:2: ontoclasm_vaults_water_temple, ontoclasm_vaults_ring_square,
          blue_anna_dwarven_crypt, ontoclasm_vaults_bender, vaults_room_boxed,
          grunt_vaults_hallway_short, v_misc_8, v_misc_15, v_pattern_3,
          vaults_room_pool, grunt_vaults_hallway_short, vaults_mumra_hex,
          nicolae_vaults_alarming, layout_vaults_maze_snakey, serial_shops, shop
Vaults:3: v_misc_26, v_misc_3, hangedman_vaults_nails,
          nicolae_vaults_little_squares_5, nicolae_vaults_twisting_passages,
          grunt_vaults_hallway_short, vaults_room_hangedman_quadrants,
          vaults_room_fours, ontoclasm_vaults_gateway,
          layout_vaults_chaotic_city, serial_shops, shop
Vaults:4: v_misc_1, vaults_dpeg_ring, hangedman_vaults_pinch,
          ontoclasm_vaults_chip, v_misc_13, hangedman_vaults_unwind,
          ontoclasm_vaults_misaligned, hangedman_vaults_stretched_pinwheel,
          ontoclasm_vaults_fault, vaults_room_octagon, v_misc_30, v_misc_3,
          nicolae_vaults_ring_of_whatevers, layout_vaults_ring, basic_altar,
          serial_shops, shop
Vaults:5: serial_shops, uniq_mara, uniq_boris
Depths:1: layout_basic, glass_columns_b, hell_entry, serial_shops, shop,
          grunt_ministairs_7, grunt_decor_fettered, serial_bayou_pond_d,
          chequers_big_river, skrybe_limestone_x, minivault_12
Depths:2: minmay_expanding_circles, layout_twisted_cross, abyss_entry,
          hell_entry, minmay_misc_feat_more_columns, minivault_14,
          tgw_lugonu_bribe, minmay_staircase_windowed_large
Depths:3: minmay_the_grid_square_5x5_3x3 [minmay_the_grid_square_5x5_misaligned,
          minmay_the_grid_square_5x5_beaten_path,
          minmay_the_grid_square_5x5_moneybag, minmay_the_grid_square_5x5_plus,
          minmay_the_grid_square_5x5_megaprize_hollow,
          minmay_the_grid_square_5x5_tetrominoes,
          minmay_the_grid_square_5x5_empty,
          minmay_the_grid_square_5x5_hollow_slash,
          minmay_the_grid_square_5x5_comb], layout_gridlike, enter_ziggurat_f,
          grunt_hell_entry_dis_mu, rand_demon_pan_entry_5, abyss_entry,
          uniq_bai_suzhen, uniq_enchantress
Depths:4: minmay_connected_boxes_in_corner, layout_cave_pools, serial_shops,
          nicolae_shop_behind_doors, lightli_too_deep, minmay_misc_feat_square,
          hangedman_abyss_entry_splay, serial_glass, glass_columns_b,
          glass_columns_b, glass_columns_b, glass_columns_c, glass_columns_a,
          glass_columns_b, glass_columns_b, glass_columns_c,
          minmay_misc_feat_enclosed
Depths:5: evilmike_zot_entry_hall, layout_basic, abyss_entry, nicolae_sextant,
          pf_coc_iceberg, kb_rosetta, uniq_margery
Hell
Dis:1:    layout_jigsaw
Dis:2:    layout_chaotic_city
Dis:3:    layout_regular_city
Dis:4:    layout_overlapping_boxes
Dis:5:    layout_regular_city
Dis:6:    layout_regular_city, nrook_loot_triangle, hangedman_dis_chains,
          lemuel_elevator
Dis:7:    iron_city_of_dis [dis_old, dis_wall_2], layout_chaotic_city
Geh:1:    layout_gehenna_lava_caves
Geh:2:    layout_gehenna_pools_triple
Geh:3:    layout_gehenna_lava_caves, nicolae_geh_single_fiery_grave
Geh:4:    layout_gehenna_lava_caves
Geh:5:    layout_gehenna_pools_triple
Geh:6:    layout_gehenna_pools_basic
Geh:7:    geh_mu
Coc:1:    layout_cocytus_water_paths
Coc:2:    layout_cocytus_water_paths
Coc:3:    layout_ice_bergs
Coc:4:    layout_cocytus_water_paths
Coc:5:    layout_ice_bergs
Coc:6:    layout_ice_bergs
Coc:7:    coc_hangedman
Tar:1:    layout_grid_maze, nicolae_tar_cuneiform_three

Skill      XL: |  1  2  3  4  5  6  7  8  9 10 11 12 13 14 15 16 17 18 19 20 21 22 23 24 25 26 27 |
---------------+----------------------------------------------------------------------------------+-----
Dodging        | 3 4 5 6 7 8 9 |  9.7
Shields        | 3 4 5 7 8 9 10 11 12 13 14 15 16 17 18 22 | 22.5
Fighting       | 3 4 5 6 7 8 9 10 11 12 13 14 15 16 19 | 19.5
Unarmed Combat | 3 4 6 7 9 10 11 13 14 15 16 17 18 19 20 21 22 23 24 25 27 | 27.0
Evocations     | 3 5 6 8 10 11 12 13 14 15 16 18 | 18.7
Armour         | 2 4 5 6 7 9 10 11 12 13 14 15 16 20 | 20.5
Throwing       | 1 2 5 |  5.8
Stealth        | |  0.1

Action                   |  1- 3 |  4- 6 |  7- 9 | 10-12 | 13-15 | 16-18 | 19-21 | 22-24 | 25-27 || total
-------------------------+-------+-------+-------+-------+-------+-------+-------+-------+-------++-------
Melee: Unarmed           |   109 |   147 |   294 |   788 |  1306 |  1063 |  1609 |  1247 |  4921 || 11484
       Kick              |       |       |       |       |   275 |   435 |   801 |   654 |   597 ||  2762
Throw: Javelin           |       |       |       |       |     7 |     2 |       |       |       ||     9
       Large rock        |       |       |       |       |       |       |    47 |     1 |   150 ||   198
Invok: Berserk           |       |     2 |     6 |    22 |    20 |     5 |     2 |     6 |    16 ||    79
       Trog's Hand       |       |       |       |     9 |    18 |    12 |    13 |    10 |    95 ||   157
       Brothers in Arms  |       |       |       |     3 |     3 |     1 |       |       |    21 ||    28
Evoke: Wand              |       |       |       |       |    19 |    53 |     3 |     2 |    22 ||    99
       Phial of floods   |       |       |       |       |     2 |       |     1 |       |       ||     3
       Condenser vane    |       |       |       |       |       |     9 |     4 |     3 |    14 ||    30
       Tin of tremorston |       |       |       |       |       |     6 |    10 |    11 |    26 ||    53
       Phantom mirror    |       |       |       |       |       |     3 |     4 |     3 |     2 ||    12
       Box of beasts     |       |       |       |       |       |     2 |     8 |       |    12 ||    22
       Lightning rod     |       |       |       |       |       |       |     3 |       |     2 ||     5
       Horn of Geryon    |       |       |       |       |       |       |       |       |     7 ||     7
  Use: Scroll            |       |       |    15 |    14 |     9 |    16 |    10 |     5 |    26 ||    95
       Potion            |       |       |       |     2 |     5 |     2 |     6 |     1 |    31 ||    47
 Stab: Sleeping          |       |       |     1 |     1 |     1 |       |       |       |       ||     3
       Held in net/web   |       |       |       |       |       |     1 |     1 |       |       ||     2
       Distracted        |       |       |       |       |       |       |     4 |     1 |    12 ||    17
       Paralysed         |       |       |       |       |       |       |       |       |     1 ||     1
Armor: Robe              |    27 |    33 |    81 |    14 |       |       |       |       |       ||   155
       Animal skin       |       |       |       |    63 |       |       |       |       |       ||    63
       Troll leather arm |       |       |       |   118 |   146 |       |       |       |       ||   264
       Gold dragon scale |       |       |       |       |   215 |   664 |   707 |   427 |  1818 ||  3831
Dodge: Dodged            |    35 |    52 |   124 |   337 |   379 |   258 |   324 |   211 |  1039 ||  2759
       Repelled          |       |       |       |     5 |     6 |     8 |    11 |    16 |    11 ||    57
Block: Kite shield       |    45 |    77 |   143 |   533 |  1171 |  1039 |  1352 |   913 |  4151 ||  9424
       Reflection        |       |       |       |       |    33 |    82 |   109 |    67 |    63 ||   354

Table legend: (Time is in decaauts)
 A = Elapsed time spent in this place.
 B = Non-inter-level travel time spent in this place.
 C = Inter-level travel time spent in this place.
 D = Time resting spent in this place.
 E = Time spent auto-exploring this place.
 F = Levels seen in this place.
 G = Mean time per level.
                   A        B        C        D        E       F      G
               +--------+--------+--------+--------+--------+-----+--------+
         Total |  69269 |  67230 |   2039 |   9768 |  29946 |  80 |  865.9 |
       Dungeon |  14903 |  13984 |    919 |   1246 |   8921 |  15 |  993.5 |
          Lair |   6332 |   5858 |    474 |    120 |   3544 |   6 | 1055.3 |
        Shoals |   3501 |   3381 |    120 |    362 |   1860 |   4 |  875.2 |
   Spider Nest |   3333 |   3297 |     36 |    318 |   1655 |   4 |  833.2 |
    Slime Pits |   1572 |   1572 |      0 |    878 |      0 |   5 |  314.4 |
  Orcish Mines |   1971 |   1764 |    207 |     76 |    930 |   2 |  985.5 |
   Elven Halls |   4760 |   4691 |     69 |    397 |   2241 |   3 | 1586.7 |
        Vaults |   7512 |   7414 |     98 |    648 |   4489 |   5 | 1502.4 |
        Depths |   6872 |   6757 |    115 |   1007 |   3635 |   5 | 1374.4 |
          Hell |   1246 |   1246 |      0 |    659 |      0 |   1 | 1246.0 |
           Dis |   4442 |   4442 |      0 |   1026 |    472 |   7 |  634.6 |
       Gehenna |   1789 |   1789 |      0 |    342 |      0 |   7 |  255.6 |
       Cocytus |   4461 |   4461 |      0 |   1658 |    505 |   7 |  637.3 |
      Tartarus |     15 |     15 |      0 |      0 |      0 |   1 |   15.0 |
         Abyss |   4569 |   4569 |      0 |    224 |   1316 |   5 |  913.8 |
        Bailey |    596 |    596 |      0 |    338 |     89 |   1 |  596.0 |
      Ice Cave |    800 |    800 |      0 |    323 |    216 |   1 |  800.0 |
        Wizlab |    587 |    587 |      0 |    142 |     71 |   1 |  587.0 |
               +--------+--------+--------+--------+--------+-----+--------+

Top non-repeatable levels by time:
   Coc:7: 3352 daAuts
   Dis:7: 2353 daAuts
   Elf:2: 2219 daAuts
Vaults:5: 2014 daAuts
     D:9: 1772 daAuts
   Orc:2: 1681 daAuts
 Abyss:1: 1661 daAuts
Depths:1: 1650 daAuts
Depths:2: 1619 daAuts
Vaults:2: 1599 daAuts
     D:8: 1430 daAuts
   Elf:3: 1388 daAuts
Depths:5: 1386 daAuts
Vaults:3: 1362 daAuts
  Lair:2: 1357 daAuts
